Unix NetHack Version 5.0.0-0 post-release - last build May 17 2026 04:57:42 (dc50c8380fa5e20985bfe3072449f57b8d9895ef,branch:main).

Game began 2026-05-19 22:20:37, ended 2026-05-19 22:42:22.

Eymerich, chaotic male elven Priest

        -------------                    ------------
        |...........|    -----------     +..........|
        |...........|   #-.........|     |..........|
        |............####|.........|  ###...........|
        |[..........|    |.......).|  #  |..........|
        -----------.-    |...}}}...|  #  -----|------
                 ###     |...}}}...|  #       #
            ########0    ....}}}...|  #       #
          ###    ##      |.........|0 #    #f##
         ##              |....(....-###   -@-
      ####               |.........|# #  |.h.|
  ----.-----             -------+---     |....
  |.........                             |...|
  |.<......|                              .).|
  |........|                             |...|
  |.........                             |...|
  |........|                             -----
  ----------

Eymerich the Acolyte         St:12 Dx:15 Co:12 In:11 Wi:16 Ch:11  Chaotic
Dlvl:3  $:44 HP:0(35) Pw:49(53) AC:4  Xp:4 T:2154 

Latest messages:
 In what direction?
 There is a chest here.  Check it for traps? [ynq] (q)
 You find no traps on the chest.
 In what direction?
 There is a chest here.  Check it for traps? [ynq] (q)
 You find no traps on the chest.
 In what direction?
 There is a chest here.  Check it for traps? [ynq] (q)
 You find no traps on the chest.
 Hmmm, the chest turns out to be locked.
 Unlock it with your lock pick? [ynq] (q)
 You succeed in picking the lock.
 T - a blessed scroll labeled PRATYAVAYAH.
 U - an orange gem.
 The door opens.
 You hear some noises.
 You sense the presence of monsters.
 (For instructions type a '?')
 The door opens.
 You swap places with Puffa.
 You stop.  Puffa is in the way!
 You stop.  Puffa is in the way!
 You swap places with Puffa.
 You find a hidden door.
 The door resists!
 The door opens.
 The hobbit wields an elven dagger!
 You begin bashing monsters with your bow.
 You hit the hobbit.
 The hobbit thrusts his elven dagger.
 The hobbit hits!
 You miss the hobbit.
 You miss the hobbit.
 The hobbit thrusts his elven dagger.
 The hobbit hits!
 You miss the hobbit.
 The hobbit thrusts his elven dagger.
 The hobbit hits!
 You miss the hobbit.
 The hobbit thrusts his elven dagger.
 The hobbit hits!
 You hit the hobbit.
 The hobbit thrusts his elven dagger.
 The hobbit misses!
 You hit the hobbit.
 The hobbit thrusts his elven dagger.
 The hobbit hits!
 You die...
 Do you want your possessions identified? [ynq] (y)
 Do you want to see your attributes? [ynq] (y)

Inventory:
 Coins    ('$')
  $ - 44 gold pieces
 Weapons  (')')
  P - 11 +0 arrows (in quiver)
  Q - a +0 bow (weapon in right hand)
  v - a corroded +0 orcish dagger
  a - a blessed +1 mace (alternate weapon; not wielded)
 Armor    ('[')
  z - a blessed +1 orcish helm (being worn)
  D - a +0 pair of leather gloves (being worn)
  c - a +0 small shield (being worn)
  b - a +0 robe (being worn)
 Comestibles  ('%')
  e - a clove of garlic
  I - a fortune cookie
  f - 2 sprigs of wolfsbane
  K - a lichen corpse
 Scrolls  ('?')
  n - a scroll of enchant armor
  T - a blessed scroll of enchant weapon
  J - a blessed scroll of genocide
  G - a blessed scroll of identify
 Spellbooks  ('+')
  g - a spellbook of detect monsters
  h - a spellbook of healing
 Potions  ('!')
  A - a potion of booze
  H - a potion of confusion
  p - 2 blessed potions of healing
  E - a blessed potion of see invisible
  s - a blessed potion of speed
  q - a cursed potion of speed
  d - 4 potions of holy water
 Rings    ('=')
  L - a cursed ring of sustain ability
 Wands    ('/')
  M - a wand of light (0:10)
 Tools    ('(')
  i - a leather drum
  j - a cursed lock pick
  u - a magic marker (0:90)
  C - a towel
 Gems/Stones  ('*')
  U - an agate stone
  F - a worthless piece of red glass named soft
  x - a worthless piece of white glass named soft

Eymerich the Priest's attributes:

Background:
 You were an Acolyte, a level 4 elven Priest.
 You were chaotic, on a mission for Loki
 who was opposed by Tyr (lawful) and Odin (neutral).
 You were right-handed.
 You were in the Dungeons of Doom, on level 3.
 You entered the dungeon 2154 turns ago.
 It was nighttime.
 There was a new moon in effect when your adventure ended.
 You had 111 experience points, 49 more were needed to attain level 5.

Basics:
 You had 0 out of 35 hit points.
 You had 49 out of 53 energy points (spell power).
 Your armor class was 4.
 Your wallet contained 44 zorkmids.
 Autopickup was off.

Final Characteristics:
 Your strength was 12 (limit:18).
 Your dexterity was 15 (limit:18).
 Your constitution was 12 (limit:16).
 Your intelligence was 11 (limit:20).
 Your wisdom was 16 (limit:20).
 Your charisma was 11 (limit:18).

Final Status:
 You weren't hungry.
 You were unencumbered.
 You were wielding a bow.
 You were unskilled in bow.

Final Attributes:
 You were devoutly aligned.
 You were sleep resistant.
 You had infravision.
 You were guarded.
 Your spell casting was enhanced by wearing a robe.
 You are dead.

Miscellaneous:
 You didn't encounter any bones levels.
 Total elapsed playing time was 21 minutes and 41 seconds.

Major events:
 Turn
    1: Eymerich the chaotic elven Priest entered the dungeon
  925: attained the rank of Acolyte (level 3)
 2154: killed by a hobbit

Spells:
 Name                 Level Category     Fail Retention
 detect monsters        1   divination     0%  76%-100%
 healing                1   healing        0%  76%-100%

Skills:
 Fighting Skills
   bare handed combat [Unskilled]
 Weapon Skills
   club               [Unskilled]
   mace               [Basic]
   morning star       [Unskilled]
   flail              [Unskilled]
   hammer             [Unskilled]
   quarterstaff       [Unskilled]
   polearms           [Unskilled]
   spear              [Unskilled]
   trident            [Unskilled]
   lance              [Unskilled]
   bow                [Unskilled]
   sling              [Unskilled]
   crossbow           [Unskilled]
   dart               [Unskilled]
   shuriken           [Unskilled]
   boomerang          [Unskilled]
   unicorn horn       [Unskilled]
 Spellcasting Skills
   healing spells     [Unskilled]
   divination spells  [Unskilled]
   clerical spells    [Basic]

Voluntary challenges:
 Character rerolling was not enabled.
 You were illiterate.
 You never genocided any monsters.
 You never polymorphed an object.
 You never changed form.
 You used no wishes.
Achievements:
 You attained the rank of Acolyte.
 You entered a shop.

 The Dungeons of Doom: levels 1 to 3
    Level 1:
       A sink.
    Level 2:
       A wand shop, a fountain.
    Level 3: <- You were here.
       Final resting place for
          you, killed by a hobbit.


Vanquished creatures:
 an iguana
  2 acid blobs
  a gas spore
  4 giant rats
  a brown mold
  a gnome zombie
  3 geckos
  9 jackals
  a fox
  a kobold
  3 goblins
 10 grid bugs
  8 lichens
  a kobold zombie
 14 newts
60 creatures vanquished.

No species were genocided or became extinct.

Game over:
                       ----------
                      /          \
                     /    REST    \
                    /      IN      \
                   /     PEACE      \
                  /                  \
                  |     Eymerich     |
                  |      44 Au       |
                  |   killed by a    |
                  |      hobbit      |
                  |                  |
                  |                  |
                  |       2026       |
                 *|     *  *  *      | *
        _________)/\\_//(\/(/\)/\//\/|_)_______

Goodbye Eymerich the Priest...

You died in The Dungeons of Doom on dungeon level 3 with 594 points,
and 44 pieces of gold, after 2154 moves.
You were level 4 with a maximum of 35 hit points when you died.

